 Dungeon Crawl Stone Soup version 0.20-a0-1114-g33edf32 (webtiles) character file.

147 esteth the Firebug (level 5, -7/28 HPs)
             Began as a Deep Elf Fire Elementalist on May 6, 2017.
             Killed from afar by an orc wizard (9 damage)
             ... with a puff of frost
             ... on level 4 of the Dungeon.
             The game lasted 00:08:14 (3074 turns).

esteth the Firebug (Deep Elf Fire Elementalist)     Turns: 3074, Time: 00:08:14

Health: -7/28      AC:  3    Str:  5    XL:     5   Next: 7%
Magic:  9/11       EV: 13    Int: 21    God:
Gold:   243        SH:  0    Dex: 17    Spells: 2/10 levels left

rFire    + + +     SeeInvis +   o - +2 whip (vamp)
rCold    . . .     Gourm    .   (no shield)
rNeg     . . .     Faith    .   a - +0 robe
rPois    +         Spirit   .   (helmet restricted)
rElec    .         Reflect  .   (no cloak)
rCorr    .         Harm     .   l - +0 pair of gloves "Poumeicke" {*Drain rPois rF+++ Dex+2}
MR       .....                  (no boots)
Stlth    ++........             (no amulet)
Regen    0.1/turn               (no ring)
MPRegen  0.2/turn               (no ring)

@: no status effects
A: antennae 1, see invisible
a: no special abilities


You were on level 4 of the Dungeon.
You were not hungry.

You visited 1 branch of the dungeon, and saw 4 of its levels.

You collected 243 gold pieces.

Inventory:

Hand Weapons
 o - a +2 vampiric whip (weapon)
Armour
 a - a +0 robe (worn)
 l - the +0 pair of gloves "Poumeicke" (worn) {*Drain rPois rF+++ Dex+2}
   (You found it on level 4 of the Dungeon)

   It affects your dexterity (+2).
   It renders you almost immune to fire.
   It protects you from poison.
   It causes draining when unequipped.
 p - a +1 pair of gloves
Wands
 s - a wand of lightning (9/15)
Scrolls
 d - 4 scrolls of teleportation
 j - a scroll of magic mapping
 m - a scroll of remove curse
 n - 2 scrolls of identify
 t - 3 scrolls of blinking {unknown}
 u - a scroll of random uselessness {unknown}
Potions
 e - 2 potions of resistance
 q - a potion of flight {unknown}
 r - 2 potions of agility {unknown}
 v - 2 potions of curing {unknown}
 w - a potion of degeneration {unknown}
Books
 b - a book of Flames

   Spells                             Type                      Level
   a - Flame Tongue                   Conjuration/Fire             1
   b - Throw Flame                    Conjuration/Fire             2
   c - Conjure Flame                  Conjuration/Fire             3
   d - Inner Flame                    Hexes/Fire                   3
   e - Sticky Flame                   Conjuration/Fire             4
   f - Fireball                       Conjuration/Fire             5
 k - a book of Cantrips

   Spells                             Type                      Level
   a - Confusing Touch                Hexes                        1
   b - Animate Skeleton               Necromancy                   1
   c - Summon Small Mammal            Summoning                    1
   d - Apportation                    Translocation                1
Comestibles
 c - 3 bread rations
 f - 10 fruits
 g - a chunk of flesh
 h - 2 royal jellies
 i - a meat ration


   Skills:
 - Level 2.4 Dodging
 - Level 2.4 Stealth
 - Level 3.0 Spellcasting
 + Level 3.4 Conjurations
 - Level 5.4 Fire Magic


You had 2 spell levels left.
You knew the following spells:

 Your Spells              Type           Power        Failure   Level  Hunger
a - Flame Tongue          Conj/Fire      ###..        2%          1    None
b - Sticky Flame          Conj/Fire      ###.....     22%         4    ####...
c - Conjure Flame         Conj/Fire      ###.....     6%          3    ###....


Dungeon Overview and Level Annotations

Branches:
Dungeon (4/15)
 Temple: D:4-7

Altars:
Makhleb
Vehumet


Innate Abilities, Weirdness & Mutations

You have a pair of small antennae on your head.
You have supernaturally acute eyesight. (SInv)


Message History

Press: ? - help, Shift-Dir - straight line, f/p - orc priest
Aim: an orc priest, wielding a dagger (moderately wounded)
The flame tongue hits the orc priest.
The orc priest is almost dead.
The orc priest miscasts a cantrip.
The orc wizard gestures wildly while chanting.
The orc wizard seems to speed up.
The orc wizard looks satisfied for a moment.
The orc wizard casts a spell.
The orc wizard flickers and vanishes for a moment.
You see here 6 tomahawks.
The orc priest invokes the aid of Beogh against you.
Beogh smites you!
The orc priest calls down the wrath of Beogh upon you.
Beogh smites you!
Ouch! That really hurt!
* * * LOW HITPOINT WARNING * * *
The orc wizard points at you and mumbles some strange words.
The puff of frost hits you!
You die...

.# #### ... .#### #..## #..#
....# #...######...# ###.#
#.#..........# #.#
######..##........#.#
#.###........#........#.#
#..#..#####......>....#.#
##.#.## ###..#..........#
#...####.....@.o.o.....#
####........###.....o.....#
......####### #...........##
.##..## ##.#..###o...# .##..#
#.#..# #(...# ##...# #.#..#
#....## ##.#.# #####....#
##o...#
#..#.#######........####o.#.#
#.##.#.......###......##....##


You could see an orc priest, 2 orc wizards and an orc.

Vanquished Creatures
  4 adders
  5 gnolls
  An adder skeleton (D:4)
  A worm (D:2)
  3 leopard geckos
  A ball python (D:1)
  6 bats
  5 giant cockroaches
  3 goblins
  8 hobgoblins
  4 jackals (D:2)
  A quokka (D:4)
  4 frilled lizards
  A kobold (D:2)
  12 rats
59 creatures vanquished.

Notes
Turn   | Place    | Note
-------+----------+-------------------------------------------
     0 | D:1      | esteth the Deep Elf Fire Elementalist began the quest for the Orb.
     0 | D:1      | Reached XP level 1. HP: 10/10 MP: 6/6
   615 | D:1      | Reached skill level 4 in Fire Magic
   615 | D:1      | Reached XP level 2. HP: 12/15 MP: 2/8
  1156 | D:2      | Reached XP level 3. HP: 19/19 MP: 5/9
  1159 | D:2      | Reached skill level 5 in Fire Magic
  1400 | D:2      | Reached XP level 4. HP: 17/24 MP: 0/10
  1519 | D:2      | Learned a level 4 spell: Sticky Flame
  1523 | D:2      | Learned a level 3 spell: Conjure Flame
  2500 | D:3      | Gained mutation: Your flesh is cold resistant. (rC+) [potion of mutation]
  2500 | D:3      | Gained mutation: You have supernaturally acute eyesight. (SInv) [potion of mutation]
  2500 | D:3      | Lost mutation: Your flesh is cold resistant. (rC+) [potion of mutation]
  2500 | D:3      | Gained mutation: You have a pair of small antennae on your head. [potion of mutation]
  2741 | D:4      | Found a burning altar of Makhleb.
  2744 | D:4      | Found a radiant altar of Vehumet.
  2773 | D:4      | Got a pair of steaming gloves
  2784 | D:4      | Identified the +0 pair of gloves "Poumeicke" {*Drain rPois rF+++ Dex+2} (You found it on level 4 of the Dungeon)
  2818 | D:4      | Reached XP level 5. HP: 19/28 MP: 6/11
  3074 | D:4      | Killed from afar by an orc wizard

Vault maps used:
D:1:      dpeg_arrival_arbitrary_b
D:2:      grunt_ministairs_2, minmay_misc_feat_hallway
D:3:      bh_walls_and_bars
D:4:      nicolae_overflow_hidden_temple, minmay_temple_entry_nine_rooms,
          first_bread, uniq_eustachio

Skill      XL: |  1  2  3  4 |
---------------+-------------+-----
Fire Magic     | 4 5 |  5.4
Conjurations   | 3 |  3.4
Dodging        | |  2.4
Stealth        | |  2.4
Spellcasting   | |  3.0

Action                   |  1- 3 |  4- 6 || total
-------------------------+-------+-------++-------
Melee: Unarmed           |     7 |     1 ||     8
       Whip              |       |    10 ||    10
 Cast: Flame Tongue      |    57 |    64 ||   121
  Use: Scroll            |     2 |     4 ||     6
       Potion            |       |     1 ||     1
 Stab: Sleeping          |     1 |       ||     1
  Eat: Chunk             |     1 |     5 ||     6
       Bread ration      |       |     1 ||     1
Armor: Robe              |     2 |     5 ||     7
Dodge: Dodged            |    29 |    28 ||    57
